 Dungeon Crawl Stone Soup version 0.21-a0-460-g737a915 (webtiles) character file.

228182 Dysjunc the Blocker (level 19, -1/151 HPs)
             Began as a Gnoll Fighter on Nov 19, 2017.
             Was a High Priest of Okawaru.
             Slain by the 27-headed Lernaean hydra (9 damage)
             ... on level 4 of the Swamp on Nov 20, 2017.
             The game lasted 03:02:28 (42554 turns).

Dysjunc the Blocker (Gnoll Fighter)                Turns: 42554, Time: 03:02:29

Health: -1/151     AC: 27    Str: 16    XL:     19   Next: 41%
Magic:  17/23      EV: 24    Int: 21    God:    Okawaru [*****.]
Gold:   2436       SH: 17    Dex: 18    Spells: 4/43 levels left

rFire    + . .     SeeInvis +   p - +11 flail of the Valley {holy, rElec MR+ Int-3}
rCold    + + +     Gourm    .   o - +2 shield of Resistance {rF+ rC+ MR+}
rNeg     + . .     Faith    .   K - +5 ring mail {rPois}
rPois    +         Spirit   .   r - +2 hat {MR+}
rElec    +         Reflect  .   I - +2 cloak of Happiness {rC+ Regen+ Int+3}
rCorr    +         Harm     .   Y - +2 pair of gloves {archery}
MR       +++++                  J - +2 pair of boots {Fly}
Stlth    +++++++...             c - amulet of regeneration
HPRegen  1.55/turn              l - ring "Xurhieteom" {rCorr rC++ rN+ MR+ MP-9}
MPRegen  0.18/turn              S - ring of Scepticism {rC+ Slay+3 Stlth+}

@: brilliant, heroism, flying
A: distributed training, fangs 1, see invisible, low mp 1, magic resistance 1,
mutation resistance 1, regeneration 1, electricity resistance, weak 1, strong
nose
}: 1/15 runes: gossamer
a: Heroism, Finesse, Renounce Religion, Stop Flying


You were on level 4 of the Swamp.
You worshipped Okawaru.
Okawaru was extremely pleased with you.
You were very hungry.

You visited 7 branches of the dungeon, and saw 34 of its levels.
You also visited: Ossuary, Ice Cave and Volcano.

You collected 4495 gold pieces.
You spent 2059 gold pieces at shops.

Inventory:

Hand Weapons
 i - a +5 quick blade of protection
 p - the +11 flail of the Valley (weapon) {holy, rElec MR+ Int-3}
   (You found it on level 4 of the Dungeon)

   It has been blessed by the Shining One to cause great damage to the undead
   and demons.
   It affects your intelligence (-3).
   It insulates you from electricity.
   It affects your resistance to hostile enchantments.
 V - a +3 demon blade of venom
Missiles
 w - 754 arrows
 R - 6 javelins of returning (quivered)
Armour
 o - the +2 shield of Resistance (worn) {rF+ rC+ MR+}
   (You found it in an ice cave)

   It protects you from fire.
   It protects you from cold.
   It affects your resistance to hostile enchantments.
 r - a +2 hat of magic resistance (worn)
 I - the +2 cloak of Happiness (worn) {rC+ Regen+ Int+3}
   (You bought it in a shop on level 2 of the Depths)

   It affects your intelligence (+3).
   It protects you from cold.
   It increases your rate of regeneration.
 J - a +2 pair of boots of flying (worn)
 K - a +5 ring mail of poison resistance (worn)
 Y - a +2 pair of gloves of archery (worn)
Jewellery
 c - an amulet of regeneration (around neck)
 l - the ring "Xurhieteom" (left hand) {rCorr rC++ rN+ MR+ MP-9}
   (You found it on level 6 of the Lair of Beasts)

   [ring of resist corrosion]

   It greatly protects you from cold.
   It protects you from negative energy.
   It affects your resistance to hostile enchantments.
   It affects your magic capacity (-9).
 E - the ring "Fofoel" {+Fly rF++ rC+}
   (You took it off an orc on level 11 of the Dungeon)

   [ring of protection from cold]

   It greatly protects you from fire.
   It protects you from cold.
   It lets you fly.
 S - the ring of Scepticism (right hand) {rC+ Slay+3 Stlth+}
   (You found it on level 14 of the Dungeon)

   [ring of protection from cold]

   It affects your accuracy and damage with ranged weapons and melee attacks
   (+3).
   It protects you from cold.
   It makes you more stealthy.
Wands
 a - a wand of scattershot (4)
 b - a wand of clouds
 g - a wand of enslavement (7)
 m - a wand of lightning (19)
 x - a wand of digging (15)
 y - a wand of acid (13)
 z - a wand of flame (21)
 F - a wand of disintegration (24)
 L - a wand of paralysis (48)
 P - a wand of iceblast (20)
Scrolls
 j - 2 scrolls of amnesia
 k - a scroll of immolation
 q - 8 scrolls of teleportation
 u - 13 scrolls of remove curse
 v - 4 scrolls of magic mapping
 A - 4 scrolls of holy word
 D - a scroll of fear
 H - a scroll of identify
 N - 5 scrolls of fog
 O - a scroll of enchant armour
Potions
 d - 4 potions of haste
 h - a potion of heal wounds
 n - 8 potions of curing
 t - a potion of cancellation
 B - 6 potions of brilliance
 Q - 2 potions of invisibility
 T - 3 potions of agility
 U - a potion of resistance
 W - 4 potions of might
Books
 M - a book of Conjurations

   Spells                             Type                      Level
   a - Magic Dart                     Conjuration                  1
   b - Searing Ray                    Conjuration                  2
   c - Dazzling Spray                 Conjuration/Hexes            3
   d - Fulminant Prism                Conjuration/Hexes            4
   e - Force Lance                    Conjuration/Translocation    4
   f - Iskenderun's Mystic Blast      Conjuration                  4
 Z - a book of Frost

   Spells                             Type                      Level
   a - Freeze                         Ice                          1
   b - Throw Frost                    Conjuration/Ice              2
   c - Ozocubu's Armour               Charms/Ice                   3
   d - Throw Icicle                   Conjuration/Ice              4
   e - Summon Ice Beast               Ice/Summoning                4
Miscellaneous
 e - a fan of gales
 G - a phial of floods (inert)
 X - a lamp of fire (inert)
Comestibles
 f - 14 bread rations
 s - a meat ration


   Skills:
 + Level 13.9(18.9) Fighting
 + Level 13.2(18.2) Short Blades
 + Level 12.6(17.6) Long Blades
 + Level 12.6(17.6) Axes
 + Level 12.6(17.6) Maces & Flails
 + Level 12.6(17.6) Polearms
 + Level 12.6(17.6) Staves
 + Level 12.6(17.6) Slings
 + Level 12.6(17.6) Bows
 + Level 12.6(17.6) Crossbows
 + Level 12.6(17.6) Throwing
 + Level 13.9(18.9) Armour
 + Level 12.6(17.6) Dodging
 + Level 12.6(17.6) Stealth
 + Level 13.9(18.9) Shields
 + Level 12.6(17.6) Unarmed Combat
 + Level 12.6 Spellcasting
 + Level 10.8 Conjurations
 + Level 10.8 Hexes
 + Level 10.8 Charms
 + Level 10.8 Summonings
 + Level 10.8 Necromancy
 + Level 10.8 Translocations
 + Level 10.8 Transmutations
 + Level 10.8 Fire Magic
 + Level 10.8 Ice Magic
 + Level 10.8 Air Magic
 + Level 10.8 Earth Magic
 + Level 10.8 Poison Magic
 + Level 13.6 Invocations
 + Level 12.6 Evocations


You had 4 spell levels left.
You knew the following spells:

 Your Spells              Type           Power        Failure   Level  Hunger
a - Confuse               Hex            ######..     1%          3    None
c - Iron Shot             Conj/Erth      ######....   1%          6    #####..
d - Petrify               Tmut/Erth      ######..     1%          4    None
e - Sticky Flame          Conj/Fire      ######..     1%          4    None
q - Olgreb's Toxic Radia  Pois           ######..     1%          4    None
s - Conjure Flame         Conj/Fire      ######..     1%          3    None
w - Metabolic Englaciati  Hex/Ice        ######....   1%          5    ####...
x - Mephitic Cloud        Conj/Pois/Air  ######..     1%          3    None
z - Sticks to Snakes      Tmut           ######..     1%          2    None
D - Lee's Rapid Deconstr  Erth           ######....   1%          5    ####...


Dungeon Overview and Level Annotations

Branches:
Dungeon (15/15)            Temple (1/1) D:5            Lair (6/6) D:8
  Swamp (4/4) Lair:3       Spider (4/4) Lair:4        Slime (0/5) Lair:6
    Orc (2/2) D:11            Elf (0/3) Orc:2        Vaults (0/5) D:13
 Depths (2/5) D:15

Altars:
Ashenzari
Cheibriados
Dithmenos
Elyvilon
Fedhas
Gozag
Hepliaklqana
Kikubaaqudgha
Makhleb
Nemelex Xobeh
Okawaru
Qazlal
Ru
Sif Muna
Trog
Uskayaw
Vehumet
Wu Jian
Xom
Yredelemnul
Zin
The Shining One
Beogh
Jiyva
Lugonu

Shops:
D:9 [   D:15 [   Orc:1 [   Orc:2 }[*?   Depths:2 *

Portals:
Hell: Lair:6 Depths:1
Pandemonium: Orc:2
Bazaar: Depths:1

Annotations:
Lair:6 1 runed door
Swamp:4 Lernaean hydra


Innate Abilities, Weirdness & Mutations

Your experience applies equally to all skills.
You have very sharp teeth.
Your uncanny sense of smell can sniff out nearby items.
You have supernaturally acute eyesight. (SInv)
Your magical capacity is low. (-10% MP)
You are resistant to hostile enchantments. (MR+)
You are somewhat resistant to further mutation.
Your natural rate of healing is unusually fast.
You are resistant to electric shocks. (rElec)
You are weak. (Str -2)


Message History

The 27-headed Lernaean hydra completely misses you.
You block the 27-headed Lernaean hydra's attack.
The 27-headed Lernaean hydra bites you but does no damage.
The 27-headed Lernaean hydra completely misses you.
The 27-headed Lernaean hydra bites you but does no damage.
The 27-headed Lernaean hydra closely misses you.
The 27-headed Lernaean hydra bites you but does no damage.
The 27-headed Lernaean hydra completely misses you.
You block the five-headed hydra's attack.
The five-headed hydra bites you but does no damage.
The five-headed hydra completely misses you.
The five-headed hydra bites you.
* * * LOW HITPOINT WARNING * * *
The five-headed hydra closely misses you.
The spiny frog stings you!
* * * LOW HITPOINT WARNING * * *
Okay, then.
You block the 27-headed Lernaean hydra's attack. x2
The 27-headed Lernaean hydra bites you!
You die...

≈≈≈♣≈...≈≈≈≈≈§
≈≈♣≈≈♣♣.≈≈≈≈...≈≈≈≈≈§≈
≈≈♣≈...♣..≈.♣.§≈≈≈≈≈. ♣
≈≈♣.≈≈≈§≈.§.♣..≈≈≈≈≈♣ .♣
.≈♣..§......♣..≈≈≈≈.♣ ..
♣♣♣♣♣...≈≈≈≈...≈≈≈≈.♣♣ .#
♣.≈≈≈≈≈≈≈≈≈≈≈≈≈≈.≈♣ ≈...
♣≈≈≈≈≈≈≈≈≈≈≈≈≈≈≈..♣♣♣ ♣♣♣≈≈D≈
♣♣.≈≈≈≈≈≈...≈@.♣.≈.§♣♣♣≈..≈...
♣♣§..§≈≈≈≈≈FDD♣D≈.♣≈≈.≈≈≈..≈≈
♣♣.....≈≈≈≈D.nk..%≈≈≈≈≈≈≈.≈≈
♣♣♣♣♣.≈≈≈≈≈..k.≈≈≈≈≈≈≈≈≈.≈≈
♣≈..≈≈.≈.≈.≈≈≈≈≈≈≈≈≈.§≈
♣♣♣♣♣.≈≈....≈≈.♣)≈≈≈≈.≈≈≈
.≈.♣♣.≈§≈≈≈≈..♣.≈≈≈......
?.≈≈..≈≈.≈≈≈≈.♣♣≈≈..Dk≈..≈
♣..≈≈≈≈..≈≈≈≈.♣♣.≈..≈≈≈≈≈≈


You could see the 27-headed Lernaean hydra, a five-headed hydra, a swamp dragon,
a bog body, a spiny frog and 2 swamp drakes.

Vanquished Creatures
  Mara (Spider:4)
  Bai Suzhen (Swamp:3)
  Jorgrun (Spider:2)
  Rupert (D:12)
  Arachne (Spider:3)
  A tentacled monstrosity (Swamp:2)
  Kirke (Swamp:4)
  A thorn hunter (Swamp:2)
  Louise (Spider:1)
  2 fire giants (D:15)
  4 ghost moths (Spider:4)
  Aizul (Spider:2)
  7 emperor scorpions
  6 stone giants
  2 very ugly things (Depths:1)
  2 entropy weavers (Spider:4)
  Azrael (D:12)
  A spark wasp (Spider:4)
  3 ettins
  An ogre mage (Depths:1)
  15 hydras
  A great orb of eyes (Depths:1)
  An ice dragon (shapeshifter) (D:15)
  An ice dragon (Depths:1)
  A naga warrior (D:15)
  Erolcha (D:10)
  A rakshasa (D:13)
  6 two-headed ogres
  7 centaur warriors
  5 tengu warriors
  8 alligators
  6 orc high priests
  A naga sharpshooter (D:15)
  The ghost of RedSky the Conjurer, a novice DrCj of Vehumet (D:8)
  18 skeletal warriors
  2 unseen horrors
  A deep troll (D:13)
  A sixfirhy (Lair:6)
  A spriggan druid (Swamp:3)
  A gelid demonspawn (Orc:2)
  A glowing orange brain (Depths:1)
  3 shambling mangroves
  3 wizards
  A lindwurm (shapeshifter) (D:15)
  Pikel (D:6)
  4 swamp dragons
  A deep elf archer (D:15)
  A wolf spider zombie (D:15)
  11 orb spiders
  2 necromancers
  6 orc knights
  A deep elf mage (D:15)
  36 wolf spiders
  28 ugly things
  5 oklob plants
  A manticore (D:14)
  8 orc sorcerers
  3 moths of wrath
  6 elephants (Lair:6)
  5 cyclopes
  A molten gargoyle (Volcano)
  4 ice statues
  A centaur zombie (D:14)
  3 black mambas
  2 torpor snails
  A spiny frog (shapeshifter) (D:13)
  A smoke demon (Orc:2)
  3 orange demons (Lair:6)
  5 gargoyles
  19 spiny frogs
  3 centaur skeletons
  A yaktaur (Depths:1)
  12 rime drakes
  11 demonic crawlers
  A hellwing (Lair:6)
  6 kobold demonologists
  7 ice devils
  An efreet (D:15)
  7 komodo dragons
  A freezing wraith (D:13)
  2 red devils (Orc:2)
  A queen bee (shapeshifter) (D:15)
  8 trolls
  2 tyrant leeches
  24 jumping spiders
  2 tengu conjurers (Depths:2)
  5 bog bodies
  20 hornets
  Prince Ribbit (D:6)
  29 slime creatures
  4 dream sheep (Lair:6)
  21 blink frogs
  A harpy skeleton (D:15)
  13 hippogriffs
  8 spriggans
  48 redbacks
  Sigmund (D:3)
  A wyvern (D:13)
  A shadow (D:13)
  22 tarantellas
  A wraith (D:13)
  3 hogs (Swamp:4)
  6 fire elementals
  38 yaks
  2 basilisks (Lair:3)
  A chaos spawn (Orc:2)
  A neqoxec (Orc:2)
  A hungry ghost (D:15)
  10 insubstantial wisps (Swamp:1)
  10 vampire mosquitoes
  13 swamp worms
  An acid dragon (D:13)
  A naga (D:15)
  7 hell hounds
  3 wargs
  15 water moccasins
  4 porcupines
  9 swamp drakes
  2 slaves (D:6)
  6 ice beasts
  2 necrophages
  A black bear (shapeshifter) (D:15)
  38 orc warriors
  4 sky beasts
  3 black bears
  An eye of draining (D:15)
  21 ogres
  10 wolves
  6 phantoms
  9 centaurs
  5 boggarts (D:15)
  13 crocodiles
  3 elf zombies (Ossuary)
  4 big kobolds
  18 bullfrogs
  A wyvern zombie (D:9)
  3 wyvern skeletons
  6 scorpions
  10 wights
  7 killer bees
  The ghost of RedSky the Conjurer, a weakling DrCj (D:3)
  4 electric eels
  2 howler monkeys (D:8)
  A bullfrog zombie (D:5)
  8 crimson imps
  8 jellies
  2 draconian simulacra (IceCv)
  13 hounds
  A quasit (D:9)
  30 orc priests
  22 orc wizards
  3 bullfrog skeletons
  4 iguanas
  Ijyb (D:3)
  A hell rat (Lair:6)
  A spriggan simulacrum (IceCv)
  3 troll simulacra (IceCv)
  10 worker ants
  A big kobold zombie (Ossuary)
  A centaur simulacrum (IceCv)
  2 hound skeletons
  2 mummies (Ossuary)
  3 worker ant zombies
  A gnoll (D:6)
  3 naga simulacra (IceCv)
  12 adders
  5 shadow imps
  2 oozes
  3 adder zombies
  3 worms
  A dart slug (D:3)
  7 leopard geckos
  93 orcs
  4 bats
  5 giant cockroaches
  10 goblins
  11 hobgoblins
  9 jackals
  15 kobolds
  5 quokkas
  3 frilled lizards
  2 giant cockroach zombies
  12 hobgoblin zombies (Ossuary)
  3 jackal zombies
  10 kobold zombies (Ossuary)
  5 orc zombies (Ossuary)
  2 quokka skeletons
  4 rats
  2 rat zombies (Ossuary)
  A briar patch (Swamp:2)
  A bush (Lair:6)
  6 plants
1212 creatures vanquished.

Vanquished Creatures (collateral kills)
  A tengu reaver (D:13)
  A stone giant (Depths:2)
  A centaur warrior (D:13)
  An infernal demonspawn (Orc:2)
  A torturous demonspawn (Orc:2)
  A manticore (D:13)
  An orc sorcerer (Orc:2)
  A tengu conjurer (D:13)
  A troll (D:13)
  An acid dragon (D:13)
  A swamp drake (Swamp:2)
  2 wolves (Lair:5)
13 creatures vanquished.

Vanquished Creatures (others)
  A tengu warrior (Depths:2)
  A wolf spider (Spider:3)
  A yaktaur (Depths:1)
  A tyrant leech (Swamp:4)
  An orc (D:11)
  3 fungi (Lair:6)
  A plant (Lair:6)
9 creatures vanquished.

Grand Total: 1234 creatures vanquished

Notes
Turn   | Place    | Note
-------+----------+-------------------------------------------
     0 | D:1      | Dysjunc the Gnoll Fighter began the quest for the Orb.
     0 | D:1      | Reached XP level 1. HP: 23/23 MP: 1/1
    86 | D:1      | You fall through a shaft!
    86 | D:2      | Found a white marble altar of Elyvilon.
   117 | D:2      | Reached XP level 2. HP: 29/29 MP: 2/2
   350 | D:1      | Reached XP level 3. HP: 33/35 MP: 3/3
   904 | D:2      | Reached skill level 1 in Invocations
  1288 | D:2      | Gained mutation: Your system is resistant to poisons. (rPois) [potion of mutation]
  1288 | D:2      | Gained mutation: Armour fits poorly on your strangely shaped body. [potion of mutation]
  1288 | D:2      | Gained mutation: You have sharp toenails. [potion of mutation]
  1289 | D:2      | Lost mutation: Armour fits poorly on your strangely shaped body. [potion of mutation]
  1289 | D:2      | Lost mutation: You have sharp toenails. [potion of mutation]
  1289 | D:2      | Lost mutation: Your system is resistant to poisons. (rPois) [potion of mutation]
  1289 | D:2      | Gained mutation: You are resistant to electric shocks. (rElec) [potion of mutation]
  1289 | D:2      | Gained mutation: You have supernaturally acute eyesight. (SInv) [potion of mutation]
  1311 | D:2      | Reached skill level 1 in Long Blades
  1311 | D:2      | Reached skill level 1 in Axes
  1311 | D:2      | Reached skill level 1 in Maces & Flails
  1311 | D:2      | Reached skill level 1 in Polearms
  1311 | D:2      | Reached skill level 1 in Staves
  1311 | D:2      | Reached skill level 1 in Slings
  1311 | D:2      | Reached skill level 1 in Bows
  1311 | D:2      | Reached skill level 1 in Crossbows
  1311 | D:2      | Reached skill level 1 in Throwing
  1311 | D:2      | Reached skill level 1 in Dodging
  1311 | D:2      | Reached skill level 1 in Stealth
  1311 | D:2      | Reached skill level 1 in Unarmed Combat
  1311 | D:2      | Reached skill level 1 in Spellcasting
  1311 | D:2      | Reached skill level 1 in Evocations
  1340 | D:2      | Reached XP level 4. HP: 41/41 MP: 5/5
  1872 | D:3      | Noticed RedSky's ghost (weakling DrCj)
  1880 | D:3      | Killed RedSky's ghost
  1880 | D:3      | Reached skill level 1 in Conjurations
  1880 | D:3      | Reached skill level 1 in Hexes
  1880 | D:3      | Reached skill level 1 in Charms
  1880 | D:3      | Reached skill level 1 in Summonings
  1880 | D:3      | Reached skill level 1 in Necromancy
  1880 | D:3      | Reached skill level 1 in Translocations
  1880 | D:3      | Reached skill level 1 in Transmutations
  1880 | D:3      | Reached skill level 1 in Fire Magic
  1880 | D:3      | Reached skill level 1 in Ice Magic
  1880 | D:3      | Reached skill level 1 in Air Magic
  1880 | D:3      | Reached skill level 1 in Earth Magic
  1880 | D:3      | Reached skill level 1 in Poison Magic
  1922 | D:3      | Noticed Ijyb
  1931 | D:3      | Killed Ijyb
  1931 | D:3      | Reached XP level 5. HP: 47/47 MP: 5/7
  2116 | D:3      | Noticed Sigmund
  2124 | D:3      | Killed Sigmund
  2124 | D:3      | Reached skill level 5 in Short Blades
  2124 | D:3      | Reached XP level 6. HP: 44/53 MP: 8/8
  2809 | D:4      | Found a sparkling altar of Nemelex Xobeh.
  3121 | D:4      | Reached XP level 7. HP: 40/59 MP: 10/10
  3554 | D:4      | Got a twisted flail
  3555 | D:4      | Identified the +11 flail of the Valley {holy, rElec MR+ Int-3} (You found it on level 4 of the Dungeon)
  3585 | D:5      | Entered Level 5 of the Dungeon
  3728 | D:5      | Reached XP level 8. HP: 67/67 MP: 12/12
  4016 | D:5      | Found a staircase to the Ecumenical Temple.
  4120 | Temple   | Entered the Ecumenical Temple
  4204 | Temple   | Became a worshipper of Warmaster Okawaru
  4426 | D:6      | Found a hide-covered altar of Uskayaw.
  4473 | D:6      | Found a sand-covered staircase.
  4482 | Ossuary  | Entered an ossuary
  4603 | Ossuary  | Reached * piety under Okawaru
  4892 | D:6      | Noticed Prince Ribbit
  4901 | D:6      | Killed Prince Ribbit
  4901 | D:6      | Reached XP level 9. HP: 72/72 MP: 14/14
  5006 | D:6      | Noticed Pikel
  5019 | D:6      | Killed Pikel
  5265 | D:6      | Reached ** piety under Okawaru
  5424 | D:6      | Reached skill level 5 in Invocations
  5838 | D:7      | Reached XP level 10. HP: 80/80 MP: 17/17
  6027 | D:7      | Reached *** piety under Okawaru
  6034 | D:7      | Gained mutation: You are resistant to hostile enchantments. (MR+) [mutagenic meat]
  6036 | D:7      | Gained mutation: You have a pair of small horns on your head. [mutagenic meat]
  6037 | D:7      | Gained mutation: You are partially covered in thin metallic scales. (AC +2) [mutagenic meat]
  6118 | D:7      | Found a deep blue altar of Sif Muna.
  6119 | D:7      | Found a shadowy altar of Dithmenos.
  6219 | D:7      | Reached skill level 5 in Long Blades
  6219 | D:7      | Reached skill level 5 in Axes
  6219 | D:7      | Reached skill level 5 in Maces & Flails
  6219 | D:7      | Reached skill level 5 in Polearms
  6219 | D:7      | Reached skill level 5 in Staves
  6219 | D:7      | Reached skill level 5 in Slings
  6219 | D:7      | Reached skill level 5 in Bows
  6219 | D:7      | Reached skill level 5 in Crossbows
  6219 | D:7      | Reached skill level 5 in Throwing
  6219 | D:7      | Reached skill level 5 in Dodging
  6219 | D:7      | Reached skill level 5 in Stealth
  6219 | D:7      | Reached skill level 5 in Unarmed Combat
  6219 | D:7      | Reached skill level 5 in Spellcasting
  6219 | D:7      | Reached skill level 5 in Evocations
  6686 | D:8      | Gained mutation: You are somewhat resistant to further mutation. [mutagenic meat]
  7285 | D:8      | Noticed RedSky's ghost (novice DrCj)
  7299 | D:8      | Killed RedSky's ghost
  7299 | D:8      | Reached **** piety under Okawaru
  7316 | D:8      | Received a gift from Okawaru
  7634 | D:8      | Found a glowing golden altar of the Shining One.
  7644 | D:8      | Found a sacrificial altar of Ru.
  7788 | D:8      | Found a staircase to the Lair.
  7836 | D:8      | Found an ancient bone altar of Kikubaaqudgha.
  7842 | D:8      | Found a white marble altar of Elyvilon.
  7942 | D:9      | Reached XP level 11. HP: 70/86 MP: 14/19
  8071 | D:9      | Found Kocitenn's Antique Armour Shop.
  8077 | D:9      | Bought an encrusted scale mail for 288 gold pieces
  8087 | D:9      | Identified the cursed +0 scale mail of Torph {rC+++} (You bought it in a shop on level 9 of the Dungeon)
  8537 | D:9      | Received a gift from Okawaru
  8537 | D:9      | Reached ***** piety under Okawaru
  8730 | D:10     | Entered Level 10 of the Dungeon
  8786 | D:10     | Noticed Erolcha
  8794 | D:10     | Killed Erolcha
  8794 | D:10     | Received a gift from Okawaru
  8794 | D:10     | Reached skill level 5 in Conjurations
  8794 | D:10     | Reached skill level 5 in Hexes
  8794 | D:10     | Reached skill level 5 in Charms
  8794 | D:10     | Reached skill level 5 in Summonings
  8794 | D:10     | Reached skill level 5 in Necromancy
  8794 | D:10     | Reached skill level 5 in Translocations
  8794 | D:10     | Reached skill level 5 in Transmutations
  8794 | D:10     | Reached skill level 5 in Fire Magic
  8794 | D:10     | Reached skill level 5 in Ice Magic
  8794 | D:10     | Reached skill level 5 in Air Magic
  8794 | D:10     | Reached skill level 5 in Earth Magic
  8794 | D:10     | Reached skill level 5 in Poison Magic
  9346 | D:11     | Received a gift from Okawaru
  9355 | D:11     | Got a fine dagger {god gift}
  9356 | D:11     | Identified the +2 dagger of Virtue {speed, +Blink} (Okawaru gifted it to you on level 11 of the Dungeon)
  9457 | D:11     | Found a corrupted altar of Lugonu.
 10093 | D:11     | Noticed a two-headed ogre
 10110 | D:11     | Killed a two-headed ogre
 10150 | D:11     | Received a gift from Okawaru
 10379 | D:11     | Found a staircase to the Orcish Mines.
 10474 | D:11     | Got a transparent platinum ring
 10476 | D:11     | Lost mutation: You have a pair of small horns on your head. [potion of mutation]
 10476 | D:11     | Lost mutation: You are resistant to hostile enchantments. (MR+) [potion of mutation]
 10517 | Orc:1    | Entered Level 1 of the Orcish Mines
 10519 | Orc:1    | Noticed an orc high priest
 11752 | D:12     | Identified the ring "Fofoel" {+Fly rF++ rC+} (You took it off an orc on level 11 of the Dungeon)
 11790 | D:12     | Found a frozen archway.
 11870 | IceCv    | Entered an ice cave
 12197 | IceCv    | Reached XP level 12. HP: 85/96 MP: 20/22
 12335 | IceCv    | Found the +2 shield of Resistance {rF+ rC+ MR+}
 12423 | IceCv    | Got a steaming triple crossbow
 12429 | IceCv    | Identified the +9 triple crossbow "Plog" {freeze, Str+2 Int+7} (You found it in an ice cave)
 12595 | IceCv    | Received a gift from Okawaru
 12839 | D:12     | Noticed Rupert
 12876 | D:12     | Killed Rupert
 12876 | D:12     | Received a gift from Okawaru
 13091 | D:12     | Noticed Azrael
 13102 | D:12     | Killed Azrael
 13102 | D:12     | Received a gift from Okawaru
 13218 | D:12     | Received a gift from Okawaru
 13218 | D:12     | Reached skill level 10 in Fighting
 13218 | D:12     | Reached skill level 10 in Armour
 13218 | D:12     | Reached skill level 10 in Shields
 13356 | D:12     | Received a gift from Okawaru
 13390 | D:12     | Reached XP level 13. HP: 21/103 MP: 3/24
 13775 | D:12     | Got a crystal war axe {god gift}
 13776 | D:12     | Identified the +6 war axe "Ninekuri" {chop, Str+3 Stlth+} (Okawaru gifted it to you on level 12 of the Dungeon)
 13841 | D:12     | Paralysed by a hornet for 1 turns
 14403 | Lair:1   | Entered Level 1 of the Lair of Beasts
 14467 | Lair:1   | Learned a level 2 spell: Sticks to Snakes
 14471 | Lair:1   | Learned a level 3 spell: Confuse
 14475 | Lair:1   | Learned a level 3 spell: Conjure Flame
 14822 | Lair:1   | Received a gift from Okawaru
 15649 | Lair:2   | Found a shimmering altar of Xom.
 15672 | Lair:2   | Reached ****** piety under Okawaru
 15704 | Lair:2   | Received a gift from Okawaru
 16014 | Lair:2   | Received a gift from Okawaru
 16017 | Lair:2   | Got a scorched hat {god gift}
 16023 | Lair:2   | Identified the +1 hat of Okawaru's Hope {rC+ Dex+5} (Okawaru gifted it to you on level 2 of the Lair of Beasts)
 17072 | Lair:3   | Found a staircase to the Swamp.
 17414 | Lair:4   | Found a dark tunnel.
 17466 | Volcano  | Entered a volcano
 18130 | Lair:4   | Found a hole to the Spider Nest.
 18136 | Lair:4   | Reached XP level 14. HP: 111/111 MP: 26/26
 19073 | Lair:5   | Reached skill level 10 in Short Blades
 20072 | Lair:5   | Got a polished mace
 20073 | Lair:5   | Identified the +9 mace of Arrival {speed, rF+} (You found it on level 5 of the Lair of Beasts)
 20192 | Lair:5   | Received a gift from Okawaru
 20650 | Lair:1   | Learned a level 4 spell: Olgreb's Toxic Radiance
 20655 | Lair:1   | Learned a level 4 spell: Petrify
 20660 | Lair:1   | Learned a level 4 spell: Sticky Flame
 20757 | Lair:6   | Entered Level 6 of the Lair of Beasts
 21068 | Lair:6   | Found a runed door.
 21070 | Lair:6   | Found a viscous altar of Jiyva.
 21070 | Lair:6   | Found a staircase to the Slime Pits.
 21157 | Lair:6   | Reached skill level 10 in Invocations
 21409 | Lair:6   | Received a gift from Okawaru
 21609 | Lair:6   | Received a gift from Okawaru
 22150 | Lair:6   | Found a burning altar of Makhleb.
 22159 | Lair:6   | Reached XP level 15. HP: 111/119 MP: 20/28
 22232 | Lair:6   | Found a gateway to Hell.
 22240 | Lair:6   | Got a vibrating glass ring
 22368 | Lair:6   | Identified the ring "Xurhieteom" {rCorr rC++ rN+ MR+ MP-9} (You found it on level 6 of the Lair of Beasts)
 22951 | Lair:1   | Learned a level 3 spell: Mephitic Cloud
 23103 | Orc:1    | Found Hont's Antique Armour Shoppe.
 23141 | Orc:1    | Received a gift from Okawaru
 23388 | Orc:2    | Entered Level 2 of the Orcish Mines
 23693 | Orc:2    | Found Omack's Magic Scroll Emporium.
 23695 | Orc:2    | Found Faxiro's General Store.
 23940 | Orc:2    | Bought a scroll of summoning for 114 gold pieces
 23942 | Orc:2    | Bought a box of beasts for 300 gold pieces
 24624 | Orc:2    | Found Gyergh's Antique Armour Boutique.
 24624 | Orc:2    | Found a one-way gate leading to the halls of Pandemonium.
 24624 | Orc:2    | Found Vissufid's Gadget Shop.
 24633 | Orc:2    | Reached skill level 10 in Long Blades
 24633 | Orc:2    | Reached skill level 10 in Axes
 24633 | Orc:2    | Reached skill level 10 in Maces & Flails
 24633 | Orc:2    | Reached skill level 10 in Polearms
 24633 | Orc:2    | Reached skill level 10 in Staves
 24633 | Orc:2    | Reached skill level 10 in Slings
 24633 | Orc:2    | Reached skill level 10 in Bows
 24633 | Orc:2    | Reached skill level 10 in Crossbows
 24633 | Orc:2    | Reached skill level 10 in Throwing
 24633 | Orc:2    | Reached skill level 10 in Dodging
 24633 | Orc:2    | Reached skill level 10 in Stealth
 24633 | Orc:2    | Reached skill level 10 in Unarmed Combat
 24633 | Orc:2    | Reached skill level 10 in Spellcasting
 24633 | Orc:2    | Reached skill level 10 in Evocations
 24635 | Orc:2    | Bought a phial of floods for 560 gold pieces
 24635 | Orc:2    | Bought a box of beasts for 280 gold pieces
 24671 | Orc:2    | Bought a scroll of identify for 30 gold pieces
 24885 | Orc:2    | Found a staircase to the Elven Halls.
 25537 | D:11     | Upgraded the game from 0.21-a0-450-gd87a9b2 to 0.21-a0-460-g737a915
 25852 | D:13     | Received a gift from Okawaru
 26090 | D:13     | Found a gate to the Vaults.
 26376 | D:13     | Noticed a tengu reaver
 26405 | D:13     | Killed a tengu reaver
 26436 | D:13     | Gained mutation: You are resistant to hostile enchantments. (MR+) [mutagenic meat]
 26682 | D:13     | Found a blossoming altar of Fedhas.
 26786 | D:13     | Reached XP level 16. HP: 52/127 MP: 10/30
 27110 | D:13     | Received a gift from Okawaru
 27760 | D:14     | Found a shattered altar of Ashenzari.
 27845 | D:14     | Gained mutation: Your natural rate of healing is unusually fast. [mutagenic meat]
 27846 | D:14     | Lost mutation: You are partially covered in thin metallic scales. (AC +2) [mutagenic meat]
 28149 | D:14     | Learned a level 5 spell: Lee's Rapid Deconstruction
 28781 | D:14     | Got a sparkling iron ring
 28783 | D:14     | Identified the ring of Scepticism {rC+ Slay+3 Stlth+} (You found it on level 14 of the Dungeon)
 28977 | D:15     | Entered Level 15 of the Dungeon
 29289 | D:15     | Received a gift from Okawaru
 29858 | D:15     | Found Xyneqoi's Armour Boutique.
 29888 | D:15     | Was placed under penance by Okawaru
 30077 | D:15     | Gained mutation: You are weak. (Str -2) [mutagenic meat]
 30319 | Spider:1 | Entered Level 1 of the Spider Nest
 30328 | Spider:1 | Was forgiven by Okawaru
 30434 | Lair:1   | Learned a level 5 spell: Metabolic Englaciation
 30934 | D:15     | Noticed an azure jelly
 30934 | D:15     | a frost giant changed into an azure jelly
 30940 | D:15     | Noticed a storm dragon
 30940 | D:15     | an azure jelly changed into a storm dragon
 30944 | D:15     | a storm dragon changed into an ice dragon
 30961 | D:15     | Gained mutation: Your magical capacity is low. (-10% MP) [mutagenic meat]
 31004 | D:15     | Found a staircase to the Depths.
 31632 | Depths:1 | Entered Level 1 of the Depths
 31862 | Depths:1 | Found a gateway to a bazaar.
 32506 | Depths:1 | Received a gift from Okawaru
 32615 | Depths:1 | Reached XP level 17. HP: 135/135 MP: 28/28
 32783 | Depths:1 | Received a gift from Okawaru
 34103 | Depths:1 | Received a gift from Okawaru
 34213 | Depths:2 | Found Teqomn's General Store.
 34229 | Depths:2 | Bought the +2 cloak of Happiness {rC+ Regen+ Int+3} for 487 gold pieces
 34713 | Spider:1 | Noticed Louise
 34770 | Spider:1 | Killed Louise
 34770 | Spider:1 | Received a gift from Okawaru
 35191 | Spider:2 | Got a thick robe
 35193 | Spider:2 | Identified the cursed +1 robe of Tuse {+Blink +Fly Dex+4 Slay-3} (You found it on level 2 of the Spider Nest)
 35235 | Spider:2 | Noticed Jorgrun
 35261 | Spider:2 | Noticed Aizul
 35289 | Spider:1 | Received a gift from Okawaru
 35453 | Spider:2 | Killed Jorgrun
 35554 | Spider:2 | Received a gift from Okawaru
 35701 | Spider:2 | Killed Aizul
 35931 | Spider:3 | Noticed Arachne
 35941 | Spider:3 | Identified a scroll of acquirement
 35965 | Spider:3 | Killed Arachne
 36493 | Spider:3 | Received a gift from Okawaru
 36499 | Spider:3 | Reached skill level 10 in Conjurations
 36499 | Spider:3 | Reached skill level 10 in Hexes
 36499 | Spider:3 | Reached skill level 10 in Charms
 36499 | Spider:3 | Reached skill level 10 in Summonings
 36499 | Spider:3 | Reached skill level 10 in Necromancy
 36499 | Spider:3 | Reached skill level 10 in Translocations
 36499 | Spider:3 | Reached skill level 10 in Transmutations
 36499 | Spider:3 | Reached skill level 10 in Fire Magic
 36499 | Spider:3 | Reached skill level 10 in Ice Magic
 36499 | Spider:3 | Reached skill level 10 in Air Magic
 36499 | Spider:3 | Reached skill level 10 in Earth Magic
 36499 | Spider:3 | Reached skill level 10 in Poison Magic
 36661 | Spider:3 | Received a gift from Okawaru
 36906 | Spider:3 | Reached XP level 18. HP: 143/143 MP: 30/30
 36932 | Spider:3 | Found a roughly hewn altar of Beogh.
 36964 | Spider:3 | Got a brightly glowing whip
 36965 | Spider:3 | Identified the +11 whip of Eternal Vigilance {antimagic, rElec rN++ Str+4} (You found it on level 3 of the Spider Nest)
 37423 | Spider:4 | Entered Level 4 of the Spider Nest
 37423 | Spider:4 | Noticed Mara
 37446 | Spider:4 | Killed Mara
 37446 | Spider:4 | Received a gift from Okawaru
 38078 | Spider:4 | Received a gift from Okawaru
 38260 | Spider:4 | Learned a level 6 spell: Iron Shot
 38284 | Spider:4 | Received a gift from Okawaru
 38798 | Spider:4 | Received a gift from Okawaru
 38983 | Spider:4 | Received a gift from Okawaru
 39062 | Spider:4 | Got a gossamer rune of Zot
 39348 | Swamp:1  | Entered Level 1 of the Swamp
 39489 | Swamp:1  | Received a gift from Okawaru
 40570 | Swamp:2  | Noticed a tentacled monstrosity
 40602 | Swamp:2  | Reached XP level 19. HP: 66/151 MP: 17/31
 40953 | Swamp:2  | Killed a tentacled monstrosity
 41362 | Swamp:3  | Noticed Bai Suzhen
 41397 | Swamp:3  | Killed Bai Suzhen
 42241 | Swamp:4  | Entered Level 4 of the Swamp
 42318 | Swamp:4  | Noticed the 27-headed Lernaean hydra
 42416 | Swamp:4  | Noticed Kirke
 42432 | Swamp:4  | Killed Kirke
 42553 | Swamp:4  | HP: 7/151 [spiny frog (16)]
 42554 | Swamp:4  | Slain by the 27-headed Lernaean hydra

Vault maps used:
D:1:      dpeg_arrival_rooms_with_view
D:2:      elyvilon_altar_5
D:3:      uniq_ijyb, uniq_sigmund
D:4:      old_standard_altar
D:5:      minmay_temple_entry_junction, first_bread, kennysheep_cluttered_room
D:6:      kennysheep_windowed_halls, overflow_temple_1_default,
          nicolae_ossuary_entry_ruins, st_stairs_4, uniq_pikel,
          uniq_prince_ribbit1
D:7:      gammafunk_temple_overflow_statue
D:8:      nicolae_overflow_quartered_altars, lair_entry_dummy
D:9:      serial_shops, shop, grunt_ogre_cave, grunt_decor_resistance
D:10:     uniq_erolcha
D:11:     kennysheep_kobold_lugonu_temple, erik_orc_1
D:12:     portal_ice_cave_rime, uniq_rupert, uniq_azrael
D:13:     david_vaults_4, basic_altar, minmay_evil_grid
D:14:     nicolae_ashenzari_panopticon
D:15:     gammafunk_enter_depths_forms, serial_shops, shop, nicolae_wwwww
Temple:   jpeg_temple_clearing
Lair:1:   beast_lair_carwin_11, infiniplex_staircase_pool_2, grunt_megastairs_3
Lair:2:   basic_altar
Lair:3:   nicolae_swamp_entry_splash_gauntlet, hibernation_bobbens
Lair:4:   spider_nest_entry_rubble, nicolae_volcano_entry_lava_flow,
          lab_entry_generic, minivault_25, minmay_lair_drake_nest
Lair:5:   minmay_lair_oklob_chamber, serial_bayou_shore_b
Lair:6:   evil_forest, slime_altar_2
Swamp:1:  nicolae_swamp_fairy_circle, swamp_pool3
Swamp:2:  infiniplex_staircase_pool
Swamp:3:  evilmike_swamp_ruin_house_2, swamp_pool1,
          nicolae_swamp_alligator_family, uniq_bai_suzhen
Swamp:4:  swamp_old_school, uniq_kirke
Spider:1: uniq_louise
Spider:2: spider_trap, uniq_aizul, uniq_jorgrun
Spider:3: nicolae_spider_mines_2, uniq_arachne
Spider:4: guppyfry_spider_rune, spider_trap, guppyfry_spider_mini_3, uniq_mara
Orc:1:    serial_shops, nicolae_shop_behind_doors
Orc:2:    pf_orc_diabolical, mines3_lemuel
Depths:1: serial_co_window_serial, co_window_paths_a, co_window_paths_a,
          co_window_paths_a, co_window_corner_a, co_window_corner_a,
          co_window_corner_ca, co_window_unsneaky_path_a, co_window_paths_c,
          co_window_4corner_b, hell_entry, serial_shops, statue_bzr,
          spider_trap, minmay_misc_feat_diagonals, kennysheep_generic_room_13,
          serial_bayou_shore_b
Depths:2: minmay_distorted_concentric_squares, hell_entry,
          minmay_misc_feat_tiny, serial_shops,
          nicolae_shop_competitors_out_of_business, nicolae_shop_statue_plus
Ossuary:  ossuary_tomb_1
IceCv:    ice_cave_tombish
Volcano:  volcano_overflow

Skill      XL: |  1  2  3  4  5  6  7  8  9 10 11 12 13 14 15 16 17 18 |
---------------+-------------------------------------------------------+-----
Invocations    | 1 2 3 4 5 6 7 8 9 10 11 12 13 | 13.6
Long Blades    | 1 2 3 4 5 6 7 8 9 10 11 12 | 12.6
Axes           | 1 2 3 4 5 6 7 8 9 10 11 12 | 12.6
Maces & Flails | 1 2 3 4 5 6 7 8 9 10 11 12 | 12.6
Polearms       | 1 2 3 4 5 6 7 8 9 10 11 12 | 12.6
Staves         | 1 2 3 4 5 6 7 8 9 10 11 12 | 12.6
Slings         | 1 2 3 4 5 6 7 8 9 10 11 12 | 12.6
Bows           | 1 2 3 4 5 6 7 8 9 10 11 12 | 12.6
Crossbows      | 1 2 3 4 5 6 7 8 9 10 11 12 | 12.6
Throwing       | 1 2 3 4 5 6 7 8 9 10 11 12 | 12.6
Dodging        | 1 2 3 4 5 6 7 8 9 10 11 12 | 12.6
Stealth        | 1 2 3 4 5 6 7 8 9 10 11 12 | 12.6
Unarmed Combat | 1 2 3 4 5 6 7 8 9 10 11 12 | 12.6
Spellcasting   | 1 2 3 4 5 6 7 8 9 10 11 12 | 12.6
Evocations     | 1 2 3 4 5 6 7 8 9 10 11 12 | 12.6
Conjurations   | 1 2 3 4 5 6 7 8 9 10 | 10.8
Hexes          | 1 2 3 4 5 6 7 8 9 10 | 10.8
Charms         | 1 2 3 4 5 6 7 8 9 10 | 10.8
Summonings     | 1 2 3 4 5 6 7 8 9 10 | 10.8
Necromancy     | 1 2 3 4 5 6 7 8 9 10 | 10.8
Translocations | 1 2 3 4 5 6 7 8 9 10 | 10.8
Transmutations | 1 2 3 4 5 6 7 8 9 10 | 10.8
Fire Magic     | 1 2 3 4 5 6 7 8 9 10 | 10.8
Ice Magic      | 1 2 3 4 5 6 7 8 9 10 | 10.8
Air Magic      | 1 2 3 4 5 6 7 8 9 10 | 10.8
Earth Magic    | 1 2 3 4 5 6 7 8 9 10 | 10.8
Poison Magic   | 1 2 3 4 5 6 7 8 9 10 | 10.8
Short Blades   | 5 6 7 8 9 10 11 12 13 | 13.2
Fighting       | 7 8 9 10 11 12 13 | 13.9
Armour         | 7 8 9 10 11 12 13 | 13.9
Shields        | 7 8 9 10 11 12 13 | 13.9

Action                   |  1- 3 |  4- 6 |  7- 9 | 10-12 | 13-15 | 16-18 | 19-21 || total
-------------------------+-------+-------+-------+-------+-------+-------+-------++-------
Melee: Rapier            |   111 |       |       |    10 |       |       |       ||   121
       Bite              |     9 |    12 |    25 |   108 |   253 |   369 |    48 ||   824
       Dagger            |     2 |    70 |     8 |       |       |       |       ||    80
       Flail             |       |       |   221 |   399 |   457 |   182 |   293 ||  1552
       Headbutt          |       |       |       |    77 |       |       |       ||    77
       Unarmed           |       |       |       |   294 |       |       |       ||   294
       Long sword        |       |       |       |    80 |       |       |       ||    80
       Quick blade       |       |       |       |       |   223 |    44 |       ||   267
       Mace              |       |       |       |       |   977 |  1512 |       ||  2489
       Demon blade       |       |       |       |       |       |   287 |       ||   287
       Whip              |       |       |       |       |       |    89 |       ||    89
Throw: Tomahawk          |       |       |       |     2 |       |       |       ||     2
       Javelin           |       |       |       |       |    41 |       |    11 ||    52
       Throwing net      |       |       |       |       |       |     2 |       ||     2
 Cast: Sticks to Snakes  |       |       |       |       |    20 |     8 |       ||    28
       Confuse           |       |       |       |       |     7 |     9 |       ||    16
       Petrify           |       |       |       |       |     4 |    22 |       ||    26
       Olgreb's Toxic Ra |       |       |       |       |    21 |    52 |     7 ||    80
       Mephitic Cloud    |       |       |       |       |     3 |     2 |       ||     5
       Sticky Flame      |       |       |       |       |     1 |     3 |       ||     4
       Lee's Rapid Decon |       |       |       |       |       |    40 |       ||    40
       Metabolic Englaci |       |       |       |       |       |    22 |     2 ||    24
       Conjure Flame     |       |       |       |       |       |     2 |       ||     2
       Iron Shot         |       |       |       |       |       |     2 |     3 ||     5
Invok: Heroism           |       |       |     1 |    12 |    38 |    35 |     5 ||    91
       Finesse           |       |       |       |     2 |    19 |    15 |     2 ||    38
 Abil: Stop Flying       |       |       |       |       |       |       |     1 ||     1
       Evoke Flight      |       |       |       |       |       |       |     1 ||     1
Evoke: Wand              |       |       |       |     7 |    26 |    10 |     1 ||    44
       Lamp of fire      |       |       |       |     1 |     1 |     2 |     1 ||     5
       Box of beasts     |       |       |       |       |     3 |       |       ||     3
       Phial of floods   |       |       |       |       |     1 |     3 |     1 ||     5
       Fan of gales      |       |       |       |       |       |     2 |       ||     2
  Use: Potion            |     3 |     8 |     3 |     7 |     4 |    11 |     2 ||    38
       Scroll            |       |     8 |     7 |    17 |    23 |    25 |     3 ||    83
 Stab: Sleeping          |     2 |     5 |    13 |    27 |    32 |    16 |     3 ||    98
       Invisible         |       |     3 |       |       |       |       |       ||     3
       Confused          |       |       |       |     1 |     4 |     1 |       ||     6
       Distracted        |       |       |       |     1 |     4 |     3 |     3 ||    11
       Petrified         |       |       |       |       |     3 |    41 |       ||    44
       Petrifying        |       |       |       |       |       |     7 |       ||     7
  Eat: Chunk             |     1 |     4 |     7 |    31 |    34 |    58 |     1 ||   136
       Fruit             |       |     1 |       |       |       |     2 |     2 ||     5
       Royal jelly       |       |       |     1 |     1 |     2 |     1 |       ||     5
       Bread ration      |       |       |       |     1 |       |     9 |       ||    10
       Meat ration       |       |       |       |       |     2 |     2 |       ||     4
Armor: Scale mail        |    14 |       |       |    38 |       |       |       ||    52
       Ring mail         |    20 |     8 |    75 |   134 |   291 |   491 |   190 ||  1209
Dodge: Dodged            |    35 |    12 |   130 |   435 |   731 |  1031 |   340 ||  2714
Block: Shield            |    38 |    12 |   140 |   445 |  1034 |  1351 |   312 ||  3332
       Rpst.: Long sword |       |       |       |    25 |       |       |       ||    25
       Demon blade       |       |       |       |       |       |    39 |       ||    39

Table legend:
 A = Spawn XP
 B = Non-spawn XP
 C = Spawn XP percentage of total XP
 D = Spawn monster count
 E = Non-spawn monster count
 F = Spawn count percentage of total count
 G = Total turns spent on level
                    A         B        C        D         E        F      G
               +---------+---------+-------+---------+---------+-------+---------
         Total |       0 |  350455 |   0.0 |       0 |    1213 |   0.0 | 42554
               +---------+---------+-------+---------+---------+-------+---------
           D:1 |       0 |      41 |   0.0 |       0 |      21 |   0.0 |   835
           D:2 |       0 |      56 |   0.0 |       0 |      21 |   0.0 |  1024
           D:3 |       0 |     364 |   0.0 |       0 |      18 |   0.0 |  1065
           D:4 |       0 |     349 |   0.0 |       0 |       6 |   0.0 |   847
           D:5 |       0 |    1047 |   0.0 |       0 |      25 |   0.0 |   893
           D:6 |       0 |    2308 |   0.0 |       0 |      28 |   0.0 |  1391
           D:7 |       0 |    1290 |   0.0 |       0 |      21 |   0.0 |   746
           D:8 |       0 |    3334 |   0.0 |       0 |      40 |   0.0 |  1583
           D:9 |       0 |    1338 |   0.0 |       0 |      25 |   0.0 |   948
          D:10 |       0 |    1013 |   0.0 |       0 |       7 |   0.0 |   820
          D:11 |       0 |    5034 |   0.0 |       0 |      52 |   0.0 |  1758
          D:12 |       0 |   16017 |   0.0 |       0 |      65 |   0.0 |  2207
          D:13 |       0 |   22204 |   0.0 |       0 |      63 |   0.0 |  1784
          D:14 |       0 |    9404 |   0.0 |       0 |      26 |   0.0 |  1437
          D:15 |       0 |   28585 |   0.0 |       0 |      81 |   0.0 |  2139
        Lair:1 |       0 |    4824 |   0.0 |       0 |      28 |   0.0 |  1316
        Lair:2 |       0 |    5793 |   0.0 |       0 |      26 |   0.0 |  1251
        Lair:3 |       0 |    4536 |   0.0 |       0 |      18 |   0.0 |  1174
        Lair:4 |       0 |    5328 |   0.0 |       0 |      16 |   0.0 |  1053
        Lair:5 |       0 |   10895 |   0.0 |       0 |      45 |   0.0 |  1994
        Lair:6 |       0 |   20863 |   0.0 |       0 |      58 |   0.0 |  1897
       Swamp:1 |       0 |   14187 |   0.0 |       0 |      47 |   0.0 |   967
       Swamp:2 |       0 |   11628 |   0.0 |       0 |      18 |   0.0 |   904
       Swamp:3 |       0 |   17808 |   0.0 |       0 |      30 |   0.0 |   834
       Swamp:4 |       0 |    7953 |   0.0 |       0 |      15 |   0.0 |   269
      Spider:1 |       0 |    8183 |   0.0 |       0 |      19 |   0.0 |   683
      Spider:2 |       0 |   17025 |   0.0 |       0 |      39 |   0.0 |   709
      Spider:3 |       0 |   21341 |   0.0 |       0 |      48 |   0.0 |  1430
      Spider:4 |       0 |   50286 |   0.0 |       0 |      81 |   0.0 |  1678
         Orc:1 |       0 |    2760 |   0.0 |       0 |      28 |   0.0 |   331
         Orc:2 |       0 |   20168 |   0.0 |       0 |     101 |   0.0 |  2058
      Depths:1 |       0 |   24053 |   0.0 |       0 |      29 |   0.0 |  2639
      Depths:2 |       0 |    4930 |   0.0 |       0 |       7 |   0.0 |   196
       Ossuary |       0 |     394 |   0.0 |       0 |      39 |   0.0 |   361
         IceCv |       0 |    3676 |   0.0 |       0 |      18 |   0.0 |   860
       Volcano |       0 |    1440 |   0.0 |       0 |       4 |   0.0 |   370
               +---------+---------+-------+---------+---------+-------+---------
